 Dungeon Crawl Stone Soup version 0.27.1-35-g4d5d836560 (webtiles) character file.

Game seed: 7409701423103844166

75 ImHallYall the Skirmisher (level 4, -3/40 HPs)
             Began as a Ghoul Fighter on Apr 7, 2022.
             Was an Initiate of Makhleb.
             Slain by reversiblehash's ghost (15 damage)
             ... on level 3 of the Dungeon.
             The game lasted 00:10:05 (3778 turns).

ImHallYall the Skirmisher (Ghoul Fighter)           Turns: 3778, Time: 00:10:05

Health: -3/40      AC:  9    Str: 20    XL:     4   Next: 31%
Magic:  3/3        EV:  7    Int:  9    God:    Makhleb [......]
Gold:   23         SH:  8    Dex:  8    Spells: 3/3 levels left

rFire    . . .     SeeInvis .   s - +4 falchion (elec)
rCold    + . .     Faith    .   c - +0 kite shield
rNeg     + + +     Spirit   .   b - +0 scale mail
rPois    ∞         Reflect  .   r - +0 helmet
rElec    .         Harm     .   (no cloak)
rCorr    .         Rampage  .   k - +0 pair of gloves
Will     .....                  (no boots)
Stlth    ..........             (no amulet)
HPRegen  0.00/turn              e - ring of positive energy
MPRegen  0.08/turn              j - +6 ring of intelligence

@: inhibited regen
A: claws 1, cold resistance 1, negative energy resistance 3, inhibited
regeneration, torment resistance 2
a: Renounce Religion


You were on level 3 of the Dungeon.
You worshipped Makhleb.
Makhleb was noncommittal.
You visited 1 branch of the dungeon, and saw 3 of its levels.

You collected 155 gold pieces.
You spent 132 gold pieces at shops.

Inventory:

Hand Weapons
 a - a +0 long sword
 i - a +1 mace of holy wrath
 s - a +4 falchion of electrocution (weapon)
Missiles
 n - 32 arrows
 o - 18 poisoned darts
 t - 8 javelins (quivered)
Armour
 b - a +0 scale mail (worn)
 c - a +0 kite shield (worn)
 k - a +0 pair of gloves (worn)
 r - a +0 helmet (worn)
Jewellery
 e - a ring of positive energy (left hand)
 j - a +6 ring of intelligence (right hand)
Scrolls
 f - a scroll of teleportation {unknown}
 l - a scroll of enchant armour {unknown}
 p - a scroll of amnesia {unknown}
Potions
 d - a potion of might
 g - a potion of mutation {unknown}
 h - a potion of lignification {unknown}
 m - a potion of heal wounds {unknown}
 q - 2 potions of curing {unknown}


   Skills:
 + Level 4.0 Fighting
 + Level 2.7 Long Blades
 + Level 2.9 Armour
 + Level 0.4 Dodging
 + Level 3.1 Shields


You had 3 spell levels left.
You didn't know any spells.
Your spell library contained the following spells:

 Spells                   Type           Power      Damage    Failure   Level
 Portal Projectile        Hex/Tloc       0%         N/A       100%        3
 Excruciating Wounds      Necr           0%         N/A       100%        5
 Blade Hands              Tmut           Unusable   N/A       N/A         5

Dungeon Overview and Level Annotations

Branches:
Dungeon (3/15)

Altars:
Makhleb

Shops:
D:3 (

Annotations:
D:3 reversiblehash's ghost, weakling DsFi


Innate Abilities, Weirdness & Mutations

You thrive by killing the living.
You are immune to poison.
You have sharp fingernails.
Your flesh is cold resistant. (rC+)
You are immune to negative energy. (rN+++)
You do not regenerate when monsters are visible.
You are immune to unholy pain and torment.


Message History

The kobold shouts! x4
Reversiblehash's ghost turns its malevolent gaze towards you.
Found a book of Blood.
Could not explore, unopened runed door.
Could not explore, unopened runed door.
You open the gate. You block the kobold's attack.
The kobold brigand hits you but does no damage.
You block the kobold's attack.
You hit the kobold.
You kill the kobold!
Makhleb accepts your kill. The kobold completely misses you.
You closely miss the kobold brigand. The kobold barely misses you.
The kobold brigand completely misses you.
The kobold barely misses you.
You riposte.
You closely miss the kobold. The kobold hits you but does no damage.
You blink.
You hit the kobold. Lightning courses through the kobold!
You kill the kobold!
Makhleb accepts your kill.
You barely miss the kobold.
The kobold hits you with a +0 short sword.
You block the kobold's attack. The kobold completely misses you.
You slash the kobold!
You kill the kobold!
Makhleb accepts your kill.
You feel better.
The kobold brigand throws a poisoned dart.
The poisoned dart closely misses you. The kobold barely misses you.
You block reversiblehash's ghost's attack.
You hit reversiblehash's ghost.
Reversiblehash's ghost is lightly damaged.
The kobold hits you but does no damage. Space warps horribly around you!
You block reversiblehash's ghost's attack.
You hit the kobold brigand but do no damage.
Reversiblehash's ghost hits you.
You are electrocuted!
You block the kobold brigand's attack. Reversiblehash's ghost hits you.
* * * LOW HITPOINT WARNING * * *
You are electrocuted!
You die...

###############
#...........KK###
#.#####.....KW@.# #.#
#.##')K##.#
###.#######...K.######
.........#.#...#.#...#
##
###.######⌠.#.#.⌠###.#
#. ###..# #.#...#.#
#.# #. .....#
##.....####.## #.
≈≈≈..# ##.:.####...##
#. ≈_≈.##
#######.>...#########.


You could see a kobold brigand, reversiblehash's ghost and 4 kobolds.

Vanquished Creatures
  An adder (D:3)
  A worm (D:3)
  A dart slug (D:3)
  7 ball pythons
  5 bats
  8 endoplasms
  5 giant cockroaches
  3 goblins
  5 hobgoblins
  8 kobolds
  3 quokkas
  4 frilled lizards
  2 rats (D:3)
53 creatures vanquished.

Notes
Turn   | Place    | Note
-------+----------+-------------------------------------------
     0 | D:1      | ImHallYall the Ghoul Fighter began the quest for the Orb.
     0 | D:1      | Reached XP level 1. HP: 19/19 MP: 0/0
    28 | D:1      | Reached XP level 2. HP: 6/27 MP: 1/1
   970 | D:1      | Reached XP level 3. HP: 17/33 MP: 2/2
  2098 | D:2      | Found a burning altar of Makhleb.
  2118 | D:2      | Became a worshipper of Makhleb the Destroyer
  2678 | D:3      | Found a burning altar of Makhleb.
  2788 | D:3      | Found a faded altar of an unknown god.
  2820 | D:3      | Found a runed translucent gate.
  2821 | D:3      | Found a runed translucent gate.
  2822 | D:3      | Found a runed translucent gate.
  2822 | D:3      | Noticed reversiblehash's ghost (weakling DsFi)
  2823 | D:3      | Noticed a kobold brigand
  2906 | D:3      | Reached skill level 4 in Fighting
  2906 | D:3      | Reached XP level 4. HP: 16/40 MP: 3/3
  3530 | D:3      | Found Jewn's Antique Weapon Emporium.
  3561 | D:3      | Bought a glowing falchion for 132 gold pieces
  3778 | D:3      | Slain by reversiblehash's ghost

Illustrated notes

Levels and vault maps discovered:
D:1:      minmay_arrival_three_doors, layout_basic, minmay_small_reverse_x
D:2:      layout_loops_corners, basic_altar
D:3:      layout_loops_ring, mainiacjoe_overflow_chevrons,
          gammafunk_ghost_nasty_kobolds,
          hellmonk_ecumenical_altar_pennies_from_heaven, serial_shops,
          nicolae_shop_waterfront, lightli_corner_chamber

Skill      XL: |  1  2  3 |
---------------+----------+-----
Long Blades    | 2 |  2.7
Shields        | 3 |  3.1
Fighting       | 4 |  4.0
Armour         | |  2.9
Dodging        | |  0.4

Action                   |  1- 3 |  4- 6 || total
-------------------------+-------+-------++-------
Melee: Long sword        |   135 |    29 ||   164
       Falchion          |       |     7 ||     7
Throw: Dart              |     1 |       ||     1
Armor: Scale mail        |    97 |    13 ||   110
Dodge: Dodged            |    63 |    22 ||    85
Block: Kite shield       |    93 |    16 ||   109
       Rpst.: Long sword |    15 |     4 ||    19
       Falchion          |       |     1 ||     1
